 Dungeon Crawl Stone Soup version 0.28-a0-1513-ge4f4046303 (console) character file.

Game seed: 16668598575720055877

295247 Banquo the Eclecticist (level 21, -4/166 HPs)
             Began as a Djinni Cinder Acolyte on Jan 16, 2022.
             Was a High Priest of Ignis.
             Slain by a peacekeeper (5 damage)
             ... on level 1 of the Vaults on Jan 19, 2022.
             The game lasted 06:50:58 (58623 turns).

Banquo the Eclecticist (Djinni Cinder Acolyte)     Turns: 58623, Time: 06:50:58

Health: -4/166     AC: 11    Str: 13    XL:     21   Next: 77%
Gold:   3532       EV: 15    Int: 32    God:    Ignis [*****.] SH: 15 Dex: 12

rFire   + + +      SeeInvis .   a - +3 whip {protect, *Rage rElec rPois Int+8}
rCold   + . .      Faith    .   i - +2 kite shield
rNeg    . . .      Spirit   .   d - +1 troll leather armour
rPois   ∞          Reflect  .   h - +2 hood of the Assassin {Detection Stab+ Stlth++}
rElec   +          Harm     .   e - scarf {rC+ rF+}
rCorr   .          Rampage  .   g - +2 pair of gloves {Stlth+}
Will    ++...      Rage     20% (boots unavailable)
Stlth   ++++......              P - amulet of regeneration
HPRegen 1.97/turn               w - ring of wizardry
MPRegen 0.00/turn               C - ring of protection from cold

@: about to teleport, marked, on berserk cooldown, flying, slowed, very slow
A: sickness immunity, fire resistance 2, cold vulnerability 1, float, innate
caster, hp casting, extra vitality 1
}: 2/15 runes: serpentine, barnacled
a: Renounce Religion, Fiery Armour, Foxfire Swarm, Rising Flame


You were on level 1 of the Vaults.
You worshipped Ignis.
Ignis was extremely pleased with you.
You visited 8 branches of the dungeon, and saw 37 of its levels.
You also visited: Sewer and Volcano.

You collected 4657 gold pieces.
You spent 1125 gold pieces at shops.

Inventory:

Hand Weapons
 a - the +3 whip "Worm's Wrath" (weapon) {protect, *Rage rElec rPois Int+8}
   (You bought it in a shop on level 2 of the Orcish Mines)

   It grants its wielder temporary protection when it strikes (+7 to AC).
   Int:       It affects your intelligence (+8).
   rElec:     It insulates you from electricity.
   rPois:     It protects you from poison.
   *Rage:     It berserks you when you make melee attacks (+20% chance).
 b - the +7 mace of Faclaafu {vorpal, Str+5 Int+3}
   (You found it on level 3 of the Dungeon)

   It inflicts extra damage upon your enemies.
   Str:       It affects your strength (+5).
   Int:       It affects your intelligence (+3).
 o - a +1 war axe of electrocution
 R - a +0 war axe of electrocution
 V - the +5 spear of Foteqi {vamp, +Blink rC+ Dex-3}
   (You took it off a deep elf zephyrmancer on level 3 of the Elven Halls)

   It occasionally heals its wielder for a portion of the damage dealt when it
   wounds a living foe.
   Dex:       It affects your dexterity (-3).
   rC:        It protects you from cold.
   +Blink:    It lets you blink.
 W - a +2 hand axe of flaming
Missiles
 c - 26 boomerangs
 f - a throwing net
 s - 42 poisoned darts
Armour
 d - a +1 troll leather armour (worn)
 e - a scarf of resistance (worn)
 g - a +2 pair of gloves of stealth (worn)
 h - the +2 hood of the Assassin (worn) {Detection Stab+ Stlth++}
   (You found it on level 3 of the Elven Halls)

   It allows the wearer to sense nearby creatures.
   It allows the wearer to make particularly effective stabbing attacks against
   helpless or unaware enemies with any weapon.
   Stlth:     It makes you much more stealthy.
 i - a +2 kite shield (worn)
Magical Staves
 B - a staff of cold
Jewellery
 w - a ring of wizardry (left hand)
 C - a ring of protection from cold (right hand)
 I - the ring "Dorhi" {rElec Will+ Int-3 Dex-3 Slay+6}
   (You took it off a deep elf sorcerer on level 3 of the Elven Halls)

   [ring of willpower]

   Int:       It affects your intelligence (-3).
   Dex:       It affects your dexterity (-3).
   Slay:      It affects your accuracy & damage with ranged weapons and melee
   (+6).
   rElec:     It insulates you from electricity.
   Will:      It increases your willpower.
 K - a +4 ring of slaying
 P - an amulet of regeneration (around neck)
 S - a ring of see invisible
Wands
 r - a wand of flame (13)
 v - a wand of acid (26)
 D - a wand of digging (24)
 E - a wand of polymorph (5)
 J - a wand of iceblast (26)
 X - a wand of mindburst (11)
Scrolls
 m - 7 scrolls of magic mapping
 t - 2 scrolls of summoning
 x - 3 scrolls of fog
 A - a scroll of noise
 G - 18 scrolls of teleportation
 M - 6 scrolls of fear
 N - a scroll of acquirement
 T - 7 scrolls of blinking
 U - 2 scrolls of holy word
Potions
 j - 7 potions of heal wounds
 k - 2 potions of might
 l - 3 potions of berserk rage
 n - 6 potions of brilliance
 p - 2 potions of resistance
 u - 7 potions of haste
 y - 13 potions of curing
 F - 4 potions of cancellation
 H - 5 potions of invisibility
Miscellaneous
 q - a phantom mirror
 z - a condenser vane
 Y - a box of beasts


   Skills:
 - Level 19.0 Fighting
 - Level 3.3 Short Blades
 - Level 9.3 Maces & Flails
 - Level 8.0 Armour
 - Level 10.7 Dodging
 - Level 15.0 Shields
 + Level 19.9 Spellcasting


You had 12 spell levels left.
You knew the following spells:

 Your Spells              Type           Power      Damage    Failure   Level
a - Summon Small Mammal   Summ           100%       N/A       0%          1
b - Passwall              Tmut/Erth      85%        N/A       0%          2
c - Storm Form            Tmut/Air       51%        N/A       1%          7
e - Metabolic Englaciati  Hex/Ice        51%        N/A       0%          5
p - Fulminant Prism       Conj/Hex       51%        3d23      0%          4
s - Sticky Flame          Conj/Fire      100%       2d11      0%          4
v - Poisonous Vapours     Pois/Air       100%       N/A       0%          2
z - Ozocubu's Refrigerat  Ice            51%        4d15      1%          7
C - Summon Cactus Giant   Summ           51%        N/A       1%          6
L - Scorch                Fire           100%       2d10      0%          2
M - Malign Gateway        Summ/Tloc      51%        N/A       1%          7
Your spell library was empty.

Dungeon Overview and Level Annotations

Branches:
Dungeon (15/15)            Temple (1/1) D:4            Lair (6/6) D:11
 Shoals (4/4) Lair:3        Snake (4/4) Lair:2        Slime (0/5) Lair:5
    Orc (2/2) D:10            Elf (3/3) Orc:2        Vaults (2/5) D:14
 Depths (0/4) D:15          Sewer (visited)         Volcano (visited)
  Crypt: Vaults:2-3

Altars:
Ashenzari
Cheibriados
Dithmenos
Elyvilon
Fedhas
Gozag
Hepliaklqana
Kikubaaqudgha
Makhleb
Nemelex Xobeh
Okawaru
Qazlal
Ru
Sif Muna
Trog
Uskayaw
Vehumet
Wu Jian
Xom
Yredelemnul
Zin
The Shining One
Beogh
Jiyva

Shops:
D:3 *   D:6 ?   D:10 (   D:13 =   Orc:2 [([:   Elf:1 *:[:[   Elf:2 :
Snake:3 *   Snake:4 ==:

Portals:
Abyss: Orc:1

Annotations:
D:14 2 transporters, Lymetel's ghost, journeyman DECj
Elf:2 2 runed translucent doors


Innate Abilities, Weirdness & Mutations

You are immune to sickness and miasma.
You are immune to poison.
Your flesh is very heat resistant. (rF++)
You are vulnerable to cold. (rC-)
You float through the air rather than walking.
You learn spells naturally, not from books.
Your magical power is your life essence.
You have superior vitality. (+4 MHP)


Message History

There is an open door here.
You whack the peacekeeper!
The peacekeeper is lightly damaged.
The vault sentinel points at you and mumbles some strange words.
The mark upon you grows brighter.
The peacekeeper bites you but does no damage.
You block the peacekeeper's attack.
The war gargoyle hits you with a +0 dire flail!
You hit the peacekeeper but do no damage.
The peacekeeper is lightly damaged.
The peacekeeper misses you. You block the peacekeeper's attack.
You barely miss the peacekeeper.
The peacekeeper is lightly damaged.
The war gargoyle completely misses you. The peacekeeper bites you!
The peacekeeper claws you.
The vault sentinel blows a loud note on a signal horn!
You feel a strong urge to attack something.
The peacekeeper roars a battlecry!
The war gargoyle goes into a battle-frenzy!
The peacekeeper bites you.
The peacekeeper claws you but does no damage.
There is a stone staircase leading up here.
You feel your anger nearly subside.
You are no longer berserk.
You are exhausted.
You feel yourself slow down. You block the peacekeeper's attack.
The peacekeeper completely misses you.
The war gargoyle hits you with a +0 dire flail!!
You fly upwards.
There is a stone staircase leading down here.
Unknown command.
As you read the scroll of teleportation, it crumbles to dust.
You feel strangely unstable. You block the peacekeeper's attack. x2
The war gargoyle hits you with a +0 dire flail!!!
* * * LOW HITPOINT WARNING * * *
You block the peacekeeper's attack. The peacekeeper closely misses you.
The war gargoyle launches metal splinters at you.
The spray of metal splinters hits you!
* * * LOW HITPOINT WARNING * * *
The peacekeeper bites you.
You die...

....#...............###...###....
....#........###########'##......
'##'########.#...........#.......
..†........#.#...........#.......
.##.....##.#.#.^.........#.......
..##...##..#.#...##'##...########
...##.##...#.#####...#####.......
†...###....#.#.9...[.....#.).....
...##.##...#.#.9@........#.......
..##...##..#.#####...#####.......
.##.....##.#.#...##'##...#.......
...........#.#...........'.......
#'##########.#...........########
.............'...........#.......
.............#############.......
.................................
..........#############..........


You could see a war gargoyle (strong, catching breath) and a peacekeeper.

Vanquished Creatures
  2 deep elf master archers (Elf:3)
  2 deep elf blademasters (Elf:3)
  A tengu reaver (Vaults:1)
  4 nagarajas (Snake:4)
  Ilsuiw (Shoals:2)
  An orc warlord (Orc:1)
  4 deep elf sorcerers (Elf:3)
  4 deep elf elementalists
  3 ironbound preservers (Vaults:1)
  A war gargoyle (Vaults:1)
  3 ironbound thunderhulks (Vaults:1)
  8 deep elf annihilators
  4 deep elf demonologists (Elf:3)
  9 dire elephants (Vaults:1)
  An ettin (Orc:2)
  7 merfolk impalers
  8 deep elf high priests
  4 deep elf death magi (Elf:3)
  5 merfolk javelineers
  A great orb of eyes (Orc:1)
  Fannar (D:12)
  Erolcha (D:9)
  5 hydras
  4 boulder beetles
  9 naga warriors
  4 merfolk avatars
  2 catoblepae (Lair:6)
  2 ogre magi
  2 anacondas
  5 merfolk aquamancers
  3 centaur warriors
  A hell hog (Orc:1)
  4 two-headed ogres
  9 dancing weapons
  A tengu warrior (D:15)
  A death knight (D:8)
  2 orc high priests (Orc:2)
  11 death yaks
  6 shock serpents
  Urug (Orc:2)
  2 naga sharpshooters
  A thrashing horror (Orc:1)
  Sonja (D:11)
  17 deep elf knights
  20 sea snakes
  A salamander mystic (Snake:4)
  4 skeletal warriors
  A flayed ghost (D:15)
  5 deep trolls (Vaults:1)
  An ironbound convoker (Vaults:1)
  A wizard (Vaults:1)
  7 lindwurms
  3 naga ritualists
  18 deep elf archers
  12 harpies
  5 orc knights
  A stone giant zombie (D:15)
  27 deep elf pyromancers
  20 deep elf zephyrmancers
  2 necromancers
  A tengu skeleton (D:15)
  A mana viper (shapeshifter) (Elf:1)
  10 manticores
  2 orc sorcerers
  13 ugly things
  4 cyclopes
  8 mana vipers
  7 fauns
  A worldbinder (Orc:1)
  16 salamanders
  14 merfolk sirens
  26 black mambas
  A vault sentinel (Vaults:1)
  A molten gargoyle (Volcano)
  12 water nymphs
  4 guardian serpents
  15 naga magi
  A gargoyle (D:9)
  5 elephants (Lair:4)
  A torpor snail (Lair:6)
  11 cane toads
  A fire giant skeleton (Vaults:2)
  2 rime drakes
  10 yaktaurs
  A kobold demonologist (D:14)
  2 efreet (Volcano)
  An unseen horror (D:13)
  A yaktaur skeleton (Vaults:2)
  8 komodo dragons
  3 freezing wraiths (D:8)
  9 trolls
  5 polar bears
  A queen bee (shapeshifter) (Elf:3)
  A hornet (D:8)
  12 merfolk
  17 blink frogs
  Prince Ribbit (D:6)
  8 wind drakes
  6 dream sheep
  21 slime creatures
  A culicivora (shapeshifter) (Elf:1)
  6 snapping turtles
  41 yaks
  8 air elementals
  18 water elementals
  2 wyverns
  A shadow (D:13)
  7 wraiths
  3 hogs (Shoals:1)
  3 basilisks
  3 steam dragons
  12 fire elementals
  4 vampire mosquitoes (D:15)
  28 nagas
  4 wargs
  3 acid dragons
  16 water moccasins
  39 orc warriors
  A black bear (D:6)
  A black bear (shapeshifter) (Elf:1)
  2 necrophages
  19 wolves
  14 ogres
  9 centaurs
  A phantom (D:6)
  3 kobold brigands (D:14)
  11 bullfrogs
  2 scorpions
  3 earth elementals (Volcano)
  A tengu zombie (D:15)
  A water moccasin skeleton (D:4)
  5 killer bees (D:11)
  10 wights (D:8)
  2 howler monkeys (D:10)
  A centaur zombie (D:7)
  2 lava snakes (Snake:3)
  2 bullfrog zombies
  3 iron imps (D:9)
  22 orc priests
  A hound (shapeshifter) (Elf:3)
  5 hounds
  2 bullfrog skeletons
  A gnoll shaman (D:6)
  2 iguanas
  23 orc wizards
  A hound zombie (D:5)
  2 howler monkey zombies
  3 gnolls (D:6)
  A howler monkey skeleton (D:5)
  9 adders
  A shadow imp (D:6)
  4 white imps
  3 orc simulacra (Orc:2)
  An adder skeleton (D:4)
  3 worms
  A dart slug (D:1)
  105 orcs
  7 endoplasms
  2 giant cockroaches
  6 hobgoblins
  A jackal (D:5)
  10 kobolds
  6 quokkas
  7 ball pythons
  4 bats
  6 frilled lizards
  2 goblins (D:2)
  4 rats
  7 fulminant prisms
1104 creatures vanquished.

Vanquished Creatures (collateral kills)
  Jorgrun (Shoals:2)
  2 deep elf blademasters
  Frances (D:13)
  A storm dragon (Shoals:4)
  Kirke (Shoals:1)
  Roxanne (Elf:3)
  A nagaraja (Snake:4)
  The ghost of bgiannan the Fencer, a journeyman MiFi of Okawaru (Orc:2)
  An orc warlord (Orc:2)
  The ghost of Lidduohi the Brawler, a journeyman TrBe of Trog (Orc:1)
  A caustic shrike zombie (D:15)
  A deep elf annihilator (Elf:3)
  A rakshasa (Orc:1)
  4 naga warriors
  2 ironbound frosthearts (Vaults:1)
  A vault guard (Vaults:1)
  A catoblepas (Lair:6)
  An alligator snapping turtle (Shoals:4)
  2 anacondas (Snake:4)
  An ogre mage (D:15)
  3 two-headed ogres (D:15)
  13 dancing weapons
  A tengu warrior (D:13)
  4 death yaks (Lair:6)
  2 naga sharpshooters
  A shock serpent (Snake:2)
  A salamander mystic (Snake:3)
  A skeletal warrior (D:15)
  A sea snake (Shoals:2)
  A large abomination (Orc:1)
  A deep elf archer (Elf:1)
  6 harpies
  A mana viper (Snake:1)
  A deep elf pyromancer (Elf:1)
  4 manticores
  A cyclops (D:12)
  A faun (Shoals:2)
  12 salamanders
  An ugly thing (D:13)
  A water nymph (Shoals:3)
  A merfolk siren (Shoals:1)
  3 guardian serpents (Snake:4)
  A black mamba (Snake:3)
  3 naga magi
  An unseen horror (D:12)
  An efreet (D:13)
  A tengu conjurer (D:13)
  3 merfolk
  2 trolls
  3 slime creatures
  A wind drake (Shoals:2)
  A spectral orc (Orc:2)
  3 dream sheep (Shoals:3)
  3 snapping turtles
  A wraith (D:12)
  2 hogs (Shoals:1)
  2 yaks (Lair:6)
  A basilisk (D:14)
  A vampire mosquito (D:15)
  8 nagas
  2 orc warriors
  A meliai simulacrum (D:15)
  2 ogres
  6 earth elementals
  A spectral warg (Orc:2)
  A spectral ogre (Orc:2)
  A lava snake (Snake:3)
  A hound (D:7)
  A warg simulacrum (Orc:2)
  An iguana (D:6)
  An orc wizard (Orc:2)
  2 gnolls (D:6)
  An ogre simulacrum (Orc:2)
  A white imp (Vaults:1)
  2 orcs (Orc:1)
  A frilled lizard (D:2)
150 creatures vanquished.

Vanquished Creatures (others)
  37 eldritch tentacles
  A salamander (Snake:3)
  A water elemental (Elf:3)
  2 humans (Shoals:1)
  A fire vortex (Volcano)
  534 fulminant prisms
  32 fungi
  98 plants
  7 withered plants (D:15)
713 creatures vanquished.

Grand Total: 1967 creatures vanquished

Notes
Turn   | Place    | Note
-------+----------+-------------------------------------------
     0 | D:1      | Banquo the Djinni Cinder Acolyte began the quest for the
                  | Orb.
     0 | D:1      | Reached XP level 1. HP: 20/20 MP: 0/0
   440 | D:1      | Reached XP level 2. HP: 25/25 MP: 0/0
   461 | D:1      | Found a faded altar of an unknown god.
  1169 | D:2      | Reached XP level 3. HP: 26/30 MP: 0/0
  1169 | D:2      | Learned a level 1 spell: Summon Small Mammal
  1699 | D:2      | Reached XP level 4. HP: 32/35 MP: 0/0
  2637 | D:3      | Identified the +7 mace of Faclaafu {vorpal, Str+5 Int+3}
  2821 | D:3      | Found Wul Lent's Book Boutique.
  2917 | D:3      | Found Ripoishiu's General Store.
  3293 | D:3      | Found an iron altar of Okawaru.
  3296 | D:3      | Found an ornate altar of the Wu Jian Council.
  3298 | D:3      | Found a sacrificial altar of Ru.
  3339 | D:3      | Found a stormy altar of Qazlal.
  3341 | D:3      | Found a white marble altar of Elyvilon.
  3658 | D:3      | Reached XP level 5. HP: 28/40 MP: 0/0
  3658 | D:3      | Learned a level 2 spell: Passwall
  4028 | D:4      | Found a staircase to the Ecumenical Temple.
  4040 | Temple   | Entered the Ecumenical Temple
  4292 | D:4      | Noticed a necrophage
  4305 | D:4      | Killed a necrophage
  4306 | D:4      | Reached XP level 6. HP: 36/46 MP: 0/0
  4408 | D:4      | Reached skill level 1 in Maces & Flails
  4413 | D:4      | Reached XP level 7. HP: 32/50 MP: 0/0
  4413 | D:4      | Learned a level 2 spell: Poisonous Vapours
  4555 | D:4      | Reached skill level 5 in Spellcasting
  4731 | D:4      | Found a broken altar of Ashenzari.
  5220 | D:3      | Bought a +1 troll leather armour for 220 gold pieces
  5290 | D:5      | Entered Level 5 of the Dungeon
  5302 | D:5      | Reached skill level 1 in Armour
  5360 | D:5      | Noticed a yak
  5360 | D:5      | Noticed a yak
  5360 | D:5      | Noticed a yak
  5462 | D:4      | Killed a yak
  5463 | D:4      | Reached XP level 8. HP: 46/58 MP: 0/0
  5581 | D:5      | Killed a yak
  5596 | D:5      | Killed a yak
  5802 | D:5      | Reached skill level 1 in Dodging
  6090 | D:6      | Noticed Prince Ribbit
  6102 | D:6      | Killed Prince Ribbit
  6103 | D:6      | Reached XP level 9. HP: 49/63 MP: 0/0
  6103 | D:6      | Learned a level 4 spell: Fulminant Prism
  6398 | D:6      | Found a glowing drain.
  6405 | Sewer    | Entered a sewer
  6833 | D:6      | Reached skill level 5 in Fighting
  7431 | D:6      | Found Viyteuce's Magic Scroll Shop.
  7449 | D:6      | Bought a scroll of identify for 22 gold pieces
  7449 | D:6      | Bought a scroll of identify for 22 gold pieces
  7449 | D:6      | Bought a scroll of teleportation for 33 gold pieces
  8166 | D:7      | Found a hazy altar of Hepliaklqana.
  8316 | D:7      | Reached XP level 10. HP: 54/70 MP: 0/0
  8344 | D:7      | Noticed a cyclops
  8374 | D:7      | Killed a cyclops
  8557 | D:8      | Identified a scroll of acquirement
  8561 | D:7      | Acquired a manual of Fighting
  8563 | D:7      | Reached skill level 5 in Maces & Flails
  8563 | D:7      | Reached skill level 5 in Dodging
  8563 | D:7      | Reached XP level 11. HP: 82/82 MP: 0/0
  8563 | D:7      | Learned a level 4 spell: Sticky Flame
  8615 | D:6      | Bought a scroll of teleportation for 33 gold pieces
  8615 | D:6      | Bought a scroll of fog for 22 gold pieces
  8879 | D:8      | You are sucked into a shaft and drop 2 floors!
  8879 | D:10     | Entered Level 10 of the Dungeon
  8954 | D:8      | Noticed a death knight
  9097 | D:9      | Reached skill level 10 in Spellcasting
  9611 | D:8      | Killed a death knight
  9967 | D:8      | Identified the +7 short sword of Geseju {vorpal, Dex+5}
  9976 | D:8      | Reached XP level 12. HP: 84/91 MP: 0/0
 10412 | D:9      | Noticed Erolcha
 10525 | D:9      | Killed Erolcha
 10526 | D:9      | Reached skill level 10 in Fighting
 10679 | D:9      | Found a burning altar of Makhleb.
 11068 | D:9      | Found a burning altar of Makhleb.
 11466 | D:10     | Found Biocia's Antique Weapon Emporium.
 11706 | D:10     | Found a staircase to the Orcish Mines.
 11897 | D:10     | Found Biocia's Antique Weapon Emporium.
 12103 | D:10     | Found a staircase to the Orcish Mines.
 12552 | D:11     | Noticed Sonja
 12555 | D:11     | Noticed a death yak
 12750 | D:11     | Killed Sonja
 12777 | D:11     | Noticed a death yak
 12797 | D:11     | Killed a death yak
 12824 | D:11     | Killed a death yak
 12869 | D:11     | Found a staircase to the Lair.
 12873 | D:11     | Noticed a death yak
 12882 | D:11     | Killed a death yak
 12898 | D:11     | Noticed a skeletal warrior
 12899 | D:11     | Noticed a skeletal warrior
 12901 | D:11     | Noticed a skeletal warrior
 12912 | D:11     | Killed a skeletal warrior
 12915 | D:11     | Killed a skeletal warrior
 12917 | D:11     | Killed a skeletal warrior
 13245 | D:11     | Reached XP level 13. HP: 97/99 MP: 0/0
 13245 | D:11     | Learned a level 5 spell: Metabolic Englaciation
 13433 | D:11     | Found a staircase to the Lair.
 13856 | Lair:1   | Entered Level 1 of the Lair of Beasts
 13940 | Lair:1   | Noticed a six-headed hydra
 13953 | Lair:1   | Killed a six-headed hydra
 14528 | Lair:1   | Found a bloodstained altar of Trog.
 14717 | Lair:1   | Found a bloodstained altar of Trog.
 15371 | Lair:2   | Found a staircase to the Snake Pit.
 16252 | Lair:2   | Found a staircase to the Snake Pit.
 16999 | Lair:3   | Reached skill level 1 in Shields
 17076 | Lair:3   | Noticed a six-headed hydra
 17086 | Lair:3   | Killed a six-headed hydra
 17398 | Lair:3   | Found a staircase to the Shoals.
 17487 | Lair:3   | Reached XP level 14. HP: 108/108 MP: 0/0
 20459 | Lair:5   | Found a viscous altar of Jiyva.
 20459 | Lair:5   | Found a staircase to the Slime Pits.
 20461 | Lair:5   | Found a hide-covered altar of Uskayaw.
 20597 | Lair:5   | Found an ornate altar of the Wu Jian Council.
 21342 | Lair:5   | Found a staircase to the Slime Pits.
 21348 | Lair:5   | Found a viscous altar of Jiyva.
 21354 | Lair:5   | Found a hide-covered altar of Uskayaw.
 21354 | Lair:5   | Found an ornate altar of the Wu Jian Council.
 22111 | Lair:6   | Entered Level 6 of the Lair of Beasts
 22904 | Lair:6   | Reached XP level 15. HP: 103/116 MP: 0/0
 22904 | Lair:6   | Learned a level 6 spell: Summon Cactus Giant
 23047 | Lair:6   | Reached skill level 10 in Dodging
 23695 | D:12     | Noticed Fannar
 23712 | D:12     | Killed Fannar
 23834 | D:12     | Identified the +1 ring mail of the Pleiades {Str+2}
 24441 | D:12     | Reached skill level 15 in Spellcasting
 25428 | Orc:1    | Entered Level 1 of the Orcish Mines
 25428 | Orc:1    | Found a transporter.
 25464 | Orc:1    | Noticed Lidduohi's ghost (journeyman TrBe)
 25614 | Orc:1    | Found a transporter.
 25711 | Orc:1    | Found a dark tunnel.
 25717 | Volcano  | Entered a volcano
 26125 | Orc:1    | Noticed an orc warlord
 26312 | Orc:2    | Entered Level 2 of the Orcish Mines
 26408 | Orc:2    | Noticed Urug
 27599 | Orc:2    | Killed Urug
 27671 | Orc:2    | Found a runed translucent gate.
 27671 | Orc:2    | Found a runed translucent gate.
 27672 | Orc:2    | Found a runed translucent gate.
 27690 | Orc:2    | Noticed bgiannan's ghost (journeyman MiFi)
 27788 | Orc:2    | Found a staircase to the Elven Halls.
 27814 | Orc:2    | Noticed an orc warlord
 27850 | Orc:2    | Killed an orc warlord
 28198 | Orc:2    | Found Rubreuhu's Antique Armour Emporium.
 28251 | Orc:2    | Found Tutrajep's Antique Weapon Emporium.
 28252 | Orc:2    | Found Puesus's Antique Armour Shoppe.
 28341 | Orc:2    | Found Cioseapt's Book Emporium.
 28463 | Orc:2    | Bought an encrusted whip for 285 gold pieces
 28463 | Orc:2    | Identified the +3 whip "Worm's Wrath" {protect, *Rage rElec
                  | rPois Int+8} (You bought it in a shop on level 2 of the
                  | Orcish Mines)
 28469 | Orc:2    | Bought an embroidered scarf for 240 gold pieces
 28513 | Orc:2    | Bought a runed scarf for 248 gold pieces
 29060 | D:13     | Reached XP level 16. HP: 124/124 MP: 0/0
 29329 | D:13     | Noticed Frances
 29342 | D:13     | Killed Frances
 29597 | D:13     | Found Butit's Jewellery Shop.
 29729 | D:14     | Reached skill level 5 in Shields
 29892 | D:14     | Reached skill level 15 in Fighting
 30037 | D:14     | Found a gate to the Vaults.
 30456 | D:14     | Found a transporter.
 30456 | D:14     | Found a transporter.
 30457 | D:14     | Identified the +6 great mace of Equilibrium {vamp, rF+}
 30472 | D:14     | Noticed Lymetel's ghost (journeyman DECj)
 30841 | D:14     | Found a gate to the Vaults.
 30929 | D:14     | Found a transporter.
 30931 | D:14     | Found a transporter.
 31143 | D:15     | Entered Level 15 of the Dungeon
 31952 | D:15     | Found a staircase to the Depths.
 32492 | D:15     | Found a staircase to the Depths.
 32890 | Snake:1  | Entered Level 1 of the Snake Pit
 33588 | Snake:1  | Reached XP level 17. HP: 120/131 MP: 0/0
 33588 | Snake:1  | Learned a level 7 spell: Malign Gateway
 35595 | Snake:2  | You are sucked into a shaft and drop 1 floor!
 35721 | Snake:3  | Found Iwenussy's General Store.
 39026 | Snake:4  | Entered Level 4 of the Snake Pit
 39701 | Snake:4  | Reached XP level 18. HP: 135/139 MP: 0/0
 39953 | Snake:4  | Found Qeosem's Book Boutique.
 39953 | Snake:4  | Found Lozet's Jewellery Emporium.
 39954 | Snake:4  | Found Corch's Jewellery Emporium.
 40773 | Snake:4  | Reached skill level 10 in Shields
 41054 | Snake:4  | Got a serpentine rune of Zot
 41440 | Snake:4  | Found Qeosem's Book Boutique.
 41440 | Snake:4  | Found Lozet's Jewellery Emporium.
 41441 | Snake:4  | Found Corch's Jewellery Emporium.
 41786 | Shoals:1 | Entered Level 1 of the Shoals
 41809 | Shoals:1 | Noticed Kirke
 41826 | Shoals:1 | Killed Kirke
 43540 | Shoals:2 | Noticed Jorgrun
 43617 | Shoals:2 | Noticed Ilsuiw
 43804 | Shoals:2 | Killed Jorgrun
 44763 | Shoals:2 | Killed Ilsuiw
 46709 | Shoals:3 | Reached XP level 19. HP: 132/148 MP: 0/0
 46709 | Shoals:3 | Learned a level 7 spell: Ozocubu's Refrigeration
 47943 | Shoals:4 | Entered Level 4 of the Shoals
 49230 | Shoals:4 | Got a barnacled rune of Zot
 50188 | Orc:1    | Found a one-way gate to the infinite horrors of the Abyss.
 50226 | Orc:1    | Killed Lidduohi's ghost
 50507 | Orc:2    | Killed bgiannan's ghost
 50618 | Elf:1    | Entered Level 1 of the Elven Halls
 50864 | Elf:1    | Found Adoheeq's Armour Shoppe.
 50864 | Elf:1    | Found Ineupidgh's Book Emporium.
 50866 | Elf:1    | Found Uphionyx's Assorted Antiques.
 50869 | Elf:1    | Found Ciolla's Book Shoppe.
 51023 | Elf:1    | Reached XP level 20. HP: 155/157 MP: 0/0
 51590 | Elf:1    | Found Kobivady's Armour Emporium.
 52221 | Elf:1    | Found Adoheeq's Armour Shoppe.
 52221 | Elf:1    | Found Ineupidgh's Book Emporium.
 52222 | Elf:1    | Found Uphionyx's Assorted Antiques.
 52224 | Elf:1    | Found Ciolla's Book Shoppe.
 52285 | Elf:1    | Found Kobivady's Armour Emporium.
 52555 | Elf:2    | Found Kunobboidi's Book Emporium.
 53088 | Elf:2    | Identified the +6 ring mail of Death's Door {rC+ Str+5}
 53261 | Elf:2    | Found a runed translucent door.
 53283 | Elf:2    | Found a runed translucent door.
 53372 | Elf:2    | Reached skill level 15 in Shields
 53941 | Elf:3    | Entered Level 3 of the Elven Halls
 53983 | Elf:3    | Identified Roxanne's Catalogue of the Rocks
 53983 | Elf:3    | Noticed Roxanne
 54205 | Elf:3    | Killed Roxanne
 54827 | Elf:3    | Identified the +5 ring mail "Ejuceac" {rPois rN+}
 55001 | Elf:3    | Reached XP level 21. HP: 153/164 MP: 0/0
 55001 | Elf:3    | Learned a level 7 spell: Storm Form
 55166 | Elf:3    | Identified the +2 triple sword "Giqoit" {flame, Drain rC+
                  | Str+5}
 55166 | Elf:3    | Identified the ring "Dorhi" {rElec Will+ Int-3 Dex-3
                  | Slay+6}
 55187 | Elf:3    | Identified the +1 fire dragon scales of Action {Harm
                  | Rampage rF++ rC- rN+ Str+2}
 55361 | Elf:3    | Identified the +11 mace "Zacw" {freeze, Dex+2}
 55372 | Elf:3    | Identified the +5 spear of Foteqi {vamp, +Blink rC+ Dex-3}
 55408 | Elf:3    | Identified the +9 triple sword "Okacad" {vorpal, rPois rC+
                  | rCorr Int-5 Dex+6}
 55869 | Elf:3    | Found the +2 hood of the Assassin {Detection Stab+ Stlth++}
 55893 | Elf:3    | Identified the +10 great sword of the Red Skies {protect,
                  | rF++ rCorr}
 55990 | Elf:3    | Identified the +6 short sword "Job Awis" {freeze, Dex+3}
 55993 | Elf:3    | Identified the +4 hand crossbow of Bodily Harmony {venom,
                  | Str+2}
 56003 | Elf:3    | Identified the +4 great sword of Demand {drain, Fragile
                  | rElec rF+ rCorr Dex+2}
 57017 | Vaults:1 | Entered Level 1 of the Vaults
 58623 | Vaults:1 | HP: 1/166 [war gargoyle/spray of metal splinters[a
                  | peacekeeper] (14)]
 58623 | Vaults:1 | Slain by a peacekeeper

Illustrated notes

Levels and vault maps discovered:
D:1:      evilmike_arrival_hilbert_curve, layout_loops_ring,
          shapermc_ecumenical_altar_acropolis
D:2:      layout_basic, hex_large, minivault_5
D:3:      layout_basic, nicolae_overflow_hidden_temple, serial_shops,
          nicolae_shop_advertising_works [nicolae_subvault_shop_adworks],
          shop_fountains
D:4:      layout_rooms, evilmike_ruin_ashenzari,
          minmay_temple_entry_stoned_glass
D:5:      wad_river_or_something, layout_basic
D:6:      kb_forest_paths, layout_rooms, gup_sewer_entry_bowl, serial_shops,
          shop, minmay_misc_feat_encased, uniq_prince_ribbit1
D:7:      layout_gridville, nzn_hepliaklqana_mist_gate
D:8:      layout_basic
D:9:      layout_rooms, demons_altar, uniq_erolcha
D:10:     layout_basic, orc_0_dummy, serial_shops, nicolae_shop_window_shopping
D:11:     layout_roguey, dpeg_lair_monsters, kennysheep_cross_bottleneck,
          uniq_sonja
D:12:     layout_basic, special_room [special_room_orc], uniq_fannar
D:13:     layout_roguey, serial_shops, kennysheep_mini, st_stairs_3,
          kennysheep_generic_room_14, uniq_josephine, uniq_frances
D:14:     layout_big_octagon, hangedman_vaults_entry_quadrant_bands,
          chequers_garden, gammafunk_ghost_smash, minmay_misc_feat_plants
D:15:     gammafunk_depths_entry_grave, layout_small_grid, minivault_26
Temple:   zaba_magenta_temple
Lair:1:   layout_loops_ring, basic_altar
Lair:2:   layout_regular_city, guppyfry_snake_entry_island, serial_bayou_shore_a
Lair:3:   layout_cave_pods, elwin_shoals_entry_stream
Lair:4:   layout_regular_city, cheibrodos_lair_lostbears,
          infiniplex_staircase_pool
Lair:5:   wander_river, layout_small_grid, slime_altar_1,
          nzn_masters_of_martial_movement
Lair:6:   evilmike_catoblepas_cave, layout_long_grid
Shoals:1: layout_shoals, nicolae_shoals_water_booths, uniq_kirke
Shoals:2: layout_shoals, uniq_ilsuiw, uniq_jorgrun
Shoals:3: layout_shoals
Shoals:4: shoals_end_hellmonk_storm_palace [storm_palace_center_circular,
          storm_palace_corner_reverse_hut, storm_palace_corner_pillars,
          storm_palace_corner_grid, storm_palace_corner_grid]
Snake:1:  layout_layer_cave
Snake:2:  layout_gridlike
Snake:3:  layout_chambers, serial_shops, nicolae_shop_trees,
          nicolae_snake_salamander_zone, serial_bayou_shore_b
Snake:4:  grunt_snake_rune_pools, layout_grid_shapes, grunt_megastairs_3,
          minmay_shop_grove
Orc:1:    layout_diamond_mine, gammafunk_ghost_abyssal_escape,
          nicolae_volcano_entry_hallway
Orc:2:    grunt_orc_community_town_hall, layout_caves,
          grunt_orc_community_big_house_2, grunt_orc_community_big_house_2,
          grunt_orc_community_house_2, grunt_orc_community_house_1,
          grunt_orc_community_house_2, grunt_orc_community_house_1,
          gammafunk_ghost_necromancy, mines1_david, uniq_urug
Elf:1:    layout_gridlike, serial_shops, shop_coins, minivault_28,
          grunt_megastairs_2, minmay_shoptagon
Elf:2:    nicolae_elf_blades_splatter_lattice
          [nicolae_blade_entry_splitting_headache], layout_geoelf_grid,
          serial_shops, nicolae_stop_n_shop_2,
          nicolae_concentric_dashed_squares_wild
Elf:3:    minmay_elf_hall_circle, layout_loops_cross, uniq_roxanne
Vaults:1: vaults_mumra_hexcomb, vaults_room_hallway,
          hangedman_vaults_stretched_pinwheel, st_more_cells,
          nicolae_vaults_theta, vaults_standard_mumra_x, serial_ice_h,
          v_misc_29, hangedman_vaults_restitches, ontoclasm_vaults_ligature,
          ontoclasm_vaults_shuriken, layout_vaults_chaotic_city
Vaults:2: vaults_mumra_minichess_inversion, nicolae_vaults_mini_display_case,
          nicolae_vaults_network_quinsquares
          [nicolae_vaults_network_quincunx_subvault,
          nicolae_vaults_network_quincunx_subvault,
          nicolae_vaults_network_quincunx_subvault,
          nicolae_vaults_network_quincunx_subvault], v_misc_27,
          ontoclasm_vaults_chip, v_misc_1, layout_vaults_omnigrid,
          minmay_crypt_entry_skeletal_spiral

Skill      XL: |  1  2  3  4  5  6  7  8  9 10 11 12 13 14 15 16 17 18 19 20 21 |
---------------+----------------------------------------------------------------+-----
Short Blades   | 3 |  3.3
Spellcasting   | 3 4 5 7 8 9 10 12 13 14 15 16 17 18 19 | 19.9
Maces & Flails | 1 2 3 5 7 9 |  9.3
Armour         | 1 2 3 6 7 8 |  8.0
Fighting       | 4 5 8 9 11 12 13 14 15 16 17 18 19 | 19.0
Dodging        | 1 5 6 7 8 9 10 | 10.7
Shields        | 2 4 8 9 12 13 15 | 15.0

Action                   |  1- 3 |  4- 6 |  7- 9 | 10-12 | 13-15 | 16-18 | 19-21 || total
-------------------------+-------+-------+-------+-------+-------+-------+-------++-------
Melee: Short sword       |    31 |       |       |       |       |       |       ||    31
       Mace              |       |       |       |     1 |    42 |       |    11 ||    54
       Whip              |       |       |       |       |    15 |    80 |    65 ||   160
 Cast: Scorch            |    20 |    49 |   116 |    78 |   261 |   242 |    51 ||   817
       Summon Small Mamm |     6 |    19 |    89 |    29 |       |     2 |     1 ||   146
       Poisonous Vapours |       |       |    81 |    72 |   213 |   112 |     8 ||   486
       Fulminant Prism   |       |       |       |    60 |   179 |   293 |     9 ||   541
       Sticky Flame      |       |       |       |    25 |   117 |    67 |     6 ||   215
       Passwall          |       |       |       |     3 |       |       |       ||     3
       Metabolic Englaci |       |       |       |       |    71 |    88 |     1 ||   160
       Summon Cactus Gia |       |       |       |       |    28 |    57 |    31 ||   116
       Malign Gateway    |       |       |       |       |       |    24 |    14 ||    38
       Ozocubu's Refrige |       |       |       |       |       |       |   438 ||   438
       Storm Form        |       |       |       |       |       |       |     1 ||     1
Invok: Fiery Armour      |       |       |       |       |       |     1 |       ||     1
 Abil: End Transformatio |       |       |       |       |       |       |     1 ||     1
Evoke: Wand              |       |       |       |       |     1 |       |       ||     1
       Condenser vane    |       |       |       |       |     1 |       |       ||     1
  Use: Scroll            |       |       |    13 |     9 |     8 |       |     5 ||    35
       Potion            |       |       |       |     1 |       |       |       ||     1
Armor: Robe              |     1 |     1 |     3 |       |       |       |       ||     5
       Troll leather arm |       |       |     7 |    13 |    59 |   100 |    29 ||   208
Dodge: Dodged            |    19 |     8 |    32 |    46 |   114 |   157 |    68 ||   444
Block: Buckler           |       |       |       |       |    39 |     3 |       ||    42
       Kite shield       |       |       |       |       |       |   163 |   109 ||   272

Table legend: (Time is in decaauts)
 A = Elapsed time spent in this place.
 B = Non-inter-level travel time spent in this place.
 C = Inter-level travel time spent in this place.
 D = Time resting spent in this place.
 E = Time spent auto-exploring this place.
 F = Levels seen in this place.
 G = Mean time per level.
                   A        B        C        D        E       F      G
               +--------+--------+--------+--------+--------+-----+--------+
         Total |  58885 |  52196 |   6689 |   7165 |  28662 |  39 | 1509.9 |
       Dungeon |  20353 |  17792 |   2561 |   2135 |  10472 |  15 | 1356.9 |
        Temple |     73 |     55 |     18 |      0 |     50 |   1 |   73.0 |
          Lair |  10133 |   9117 |   1016 |    534 |   6412 |   6 | 1688.8 |
        Shoals |   8085 |   7339 |    746 |   1418 |   3892 |   4 | 2021.2 |
     Snake Pit |   8750 |   7990 |    760 |   1712 |   3926 |   4 | 2187.5 |
  Orcish Mines |   3541 |   2737 |    804 |    509 |    782 |   2 | 1770.5 |
   Elven Halls |   5788 |   5094 |    694 |    677 |   2585 |   3 | 1929.3 |
        Vaults |   1603 |   1515 |     88 |    158 |    489 |   2 |  801.5 |
         Sewer |    247 |    247 |      0 |      0 |     54 |   1 |  247.0 |
       Volcano |    307 |    307 |      0 |     21 |      0 |   1 |  307.0 |
               +--------+--------+--------+--------+--------+-----+--------+

Top non-repeatable levels by time:
 Snake:1: 2539 daAuts
   Orc:2: 2408 daAuts
 Snake:4: 2369 daAuts
   Elf:1: 2319 daAuts
Shoals:1: 2272 daAuts
   Elf:3: 2264 daAuts
  Lair:5: 2230 daAuts
Shoals:2: 2170 daAuts
    D:11: 2021 daAuts
 Snake:3: 2004 daAuts
  Lair:2: 1905 daAuts
    D:12: 1880 daAuts
Shoals:4: 1873 daAuts
 Snake:2: 1837 daAuts
  Lair:4: 1826 daAuts
